 Dungeon Crawl Stone Soup version 0.30.1-11-g7821555f0a (webtiles) character file.

Game seed: 11491701467684749960

8402 GimliDwarf the Chucker (level 11, -11/83 HPs)
             Began as a Gnoll Wanderer on Aug 19, 2023.
             Was a Priest of Jiyva.
             Mangled by a komodo dragon (17 damage)
             ... on level 1 of the Lair of Beasts on Dec 12, 2023.
             The game lasted 00:40:42 (10027 turns).

GimliDwarf the Chucker (Gnoll Wanderer)            Turns: 10027, Time: 00:40:42

Health: -11/83     AC: 12    Str: 17    XL:     11   Next: 30%
Magic:  18/21      EV: 14    Int: 11    God:    Jiyva [***...]
Gold:   541        SH:  0    Dex: 15    Spells: 12/24 levels left

rFire   . . .        j - +5 sling (freeze)
rCold   + . .        (no shield)
rNeg    . . .        a - +3 ring mail
rPois   .            (no helmet)
rElec   .            (no cloak)
rCorr   +            v - +2 pair of gloves
SInv    .            (no boots)
Will    .....        G - amulet of regeneration
Stlth   +++          i - ring of protection from cold
HPRegen 2.25/turn    (no ring)
MPRegen 0.52/turn

%: no passive effects
@: lethally poisoned (-11 -> -12), about to teleport
A: fangs 1, strong nose, distributed training, strong 2, acidic bite, noise
suppression
a: Renounce Religion, Oozemancy


You were on level 1 of the Lair of Beasts.
You worshipped Jiyva.
Jiyva was most pleased with you.
You visited 3 branches of the dungeon, and saw 11 of its levels.

You collected 541 gold pieces.

Inventory:

Hand Weapons
 j - a +5 sling of freezing (weapon)
 u - a +2 scythe of venom
 D - a +4 scimitar of venom
Missiles
 b - 12 poisoned darts
 y - 2 throwing nets
Armour
 a - a +3 ring mail (worn)
 c - a +1 leather armour
 v - a +2 pair of gloves (worn)
Magical Staves
 l - a staff of air
 B - a staff of fire
Jewellery
 g - an amulet of reflection
 i - a ring of protection from cold (left hand)
 o - a ring of resist corrosion
 p - a ring of ice
 C - the ring "Xoukupih" {Ice rElec Dex+2}
   (You found it on level 6 of the Dungeon)

   [ring of ice]

   It enhances your ice magic.
   Dex:       It affects your dexterity (+2).
   rF:        It makes you vulnerable to fire.
   rC:        It protects you from cold.
   rElec:     It insulates you from electricity.
 G - an amulet of regeneration (around neck)
Wands
 n - a wand of paralysis (9)
 t - a wand of polymorph (9)
 z - a wand of roots (9)
 E - a wand of flame (14)
Scrolls
 d - 4 scrolls of identify
 e - 5 scrolls of teleportation
 k - 3 scrolls of fog
Potions
 f - 2 potions of heal wounds
 m - a potion of flight
 q - a potion of magic
 w - 4 potions of mutation
 x - 7 potions of curing
 A - 2 potions of brilliance
 F - a potion of might


   Skills:
 + Level 6.9 Fighting
 + Level 6.9 Short Blades
 + Level 6.4 Long Blades
 + Level 6.4 Axes
 + Level 6.4 Maces & Flails
 + Level 6.4 Polearms
 + Level 6.4 Staves
 + Level 6.4 Ranged Weapons
 + Level 7.9 Throwing
 + Level 6.4 Armour
 + Level 6.9 Dodging
 + Level 6.8 Stealth
 + Level 6.4 Shields
 + Level 6.4 Unarmed Combat
 + Level 7.0 Spellcasting
 + Level 5.3 Conjurations
 + Level 5.3 Hexes
 + Level 5.3 Summonings
 + Level 5.3 Necromancy
 + Level 7.7 Translocations
 + Level 5.3 Transmutations
 + Level 5.3 Fire Magic
 + Level 5.3 Ice Magic
 + Level 5.3 Air Magic
 + Level 5.3 Earth Magic
 + Level 5.3 Poison Magic
 + Level 7.0 Invocations
 + Level 6.4 Evocations


You had 12 spell levels left.
You knew the following spells:

 Your Spells              Type           Power      Damage    Failure   Level
a - Gell's Gravitas       Tloc           20%        N/A       3%          3
b - Momentum Strike       Conj/Tloc      36%        3d9       3%          2
c - Volatile Blastmotes   Fire/Tloc      36%        2d13      6%          3
d - Freeze                Ice            60%        1d7       3%          1
e - Hailstorm             Conj/Ice       15%        3d5       10%         3

Your spell library contained the following spells:

 Spells                   Type           Power      Damage    Failure   Level
 Apportation              Tloc           40%        N/A       1%          1
 Slow                     Hex            60%        N/A       3%          1
 Teleport Other           Tloc           20%        N/A       3%          3
 Sublimation of Blood     Necr           15%        N/A       4%          2
 Confusing Touch          Hex            15%        N/A       10%         3
 Frozen Ramparts          Ice            30%        1d5       10%         3
 Vampiric Draining        Necr           15%        2d7       10%         3
 Cause Fear               Hex            7%         N/A       32%         4
 Petrify                  Tmut/Erth      15%        N/A       32%         4
 Summon Ice Beast         Ice/Summ       15%        N/A       32%         4
 Borgnjor's Vile Clutch   Necr/Erth      7%         N/A       67%         5
 Irradiate                Conj/Tmut      7%         3d14      67%         5
 Summon Mana Viper        Hex/Summ       15%        N/A       67%         5
 Dispersal                Tloc           10%        N/A       88%         6
 Eringya's Noxious Bog    Tmut/Pois      7%         N/A       99%         6
 Dragon Form              Tmut           7%         N/A       100%        7
 Monstrous Menagerie      Summ           7%         N/A       100%        7
 Dragon's Call            Summ           7%         N/A       100%        9


Dungeon Overview and Level Annotations

Branches:
Dungeon (9/15)             Temple (1/1) D:7            Lair (1/5) D:9
    Orc (0/2) D:9

Altars:
Ashenzari
Cheibriados
Dithmenos
Elyvilon
Fedhas
Gozag
Hepliaklqana
Kikubaaqudgha
Makhleb
Nemelex Xobeh
Okawaru
Ru
Sif Muna
Trog
Vehumet
Wu Jian
Xom
Yredelemnul
Zin
The Shining One
Jiyva

Annotations:
Lair:1 Erica


Innate Abilities, Weirdness & Mutations

You have very sharp teeth.
Your uncanny sense of smell can sniff out nearby items.
Your experience applies equally to all skills.
Your muscles are very strong. (Str +8, Int/Dex -2)
You have acidic saliva.
You passively dampen the noise of your surroundings.


Message History

The roots release their grip on the komodo dragon.
The komodo dragon attacks as you move away!
The komodo dragon bites you!
Casting: Gell's Gravitas (mildly dangerous; 3% risk of failure)
Confirm with . or Enter, or press ? or * to list all spells.
Aiming: Gell's Gravitas (mildly dangerous; 3% risk of failure)
Press: ? - help, Dir - move target Gravity reorients around empty space.
Aiming: Fastroot
Press: ? - help, Shift-Dir - straight line The roots erupt in riotous growth!
Roots grab the komodo dragon.
The grasping roots constrict the komodo dragon.
The komodo dragon bites you!! Something hits you but does no damage.
The grasping roots constrict the komodo dragon!
The komodo dragon struggles to escape constriction.
You feel much better.
The grasping roots constrict the komodo dragon.
The roots release their grip on the komodo dragon.
You hear some strange, mumbled words.
A bolt of poison appears from out of thin air!
The bolt of poison hits you!!
You are poisoned.
As you read the scroll of teleportation, it crumbles to dust.
You feel strangely unstable.
You feel very sick. Something hits you! Something burns you.
* * * LOW HITPOINT WARNING * * *
The komodo dragon hisses menacingly.
The komodo dragon bites you!
* * * LOW HITPOINT WARNING * * *
You feel very sick.
You hear some strange, mumbled words.
A bolt of poison appears from out of thin air!
The bolt of poison misses you.
You feel sick.
The komodo dragon attacks as you move away!
The komodo dragon bites you!
You die...

......# ##.#### ..........#
##P.# ..........# #######...#
..........#####.........# ∆
..........##.#..........#
..........##............##
.........##..............#
.........................#..
..........##....@l...........
........####..................
...###.## #..................
#### ### #...................
# #.............#.....
##..................
...................
#................


You could see a komodo dragon.

Vanquished Creatures
  A two-headed ogre (D:8)
  Joseph (D:8)
  An elephant (D:9)
  Maggie (D:8)
  Grinder (D:6)
  2 hornets
  Sigmund (D:2)
  A vampire (D:9)
  Eustachio (D:6)
  A wraith (D:9)
  2 wyverns
  2 basilisks (D:9)
  4 yaks (D:8)
  Grum (D:8)
  5 orc warriors
  2 ice beasts
  2 ogres
  3 sky beasts
  2 wolves (D:7)
  7 centaurs
  3 bullfrogs
  2 gnoll sergeants (D:5)
  4 scorpions
  7 wights
  An electric eel (D:8)
  5 killer bees
  4 howler monkeys
  2 gnoll boudas
  4 hounds
  2 jellies
  11 orc priests
  3 iguanas
  Ijyb (D:5)
  8 orc wizards
  27 gnolls
  6 adders
  5 shadow imps
  4 white imps
  An ufetubus (D:6)
  4 worms
  2 dart slugs
  46 orcs
  5 bats
  10 endoplasms
  4 giant cockroaches
  5 goblins
  8 hobgoblins
  3 jackals (D:5)
  3 quokkas
  4 ball pythons
  2 frilled lizards
  3 kobolds
  5 rats
245 creatures vanquished.

Vanquished Creatures (collateral kills)
  3 orc priests (D:8)
3 creatures vanquished.

Vanquished Creatures (others)
  A shadow (D:9)
  2 centaurs
  A killer bee (D:9)
  3 howler monkeys (D:9)
  9 jellies
  An orc priest (D:9)
  4 orc wizards
  7 orcs (D:9)
28 creatures vanquished.

Grand Total: 276 creatures vanquished

Notes
Turn   | Place    | Note
-------+----------+-------------------------------------------
     0 | D:1      | GimliDwarf the Gnoll Wanderer began the quest for the Orb.
     0 | D:1      | GimliDwarf set off with the following items: a +0 short
                  | sword, 9 poisoned darts, a +0 dagger, a scroll of
                  | vulnerability, a +0 robe; and the following spell
                  | memorised: Apportation; and the following spells available
                  | to memorise: Momentum Strike, Volatile Blastmotes.
     0 | D:1      | Reached XP level 1. HP: 17/17 MP: 4/4
   116 | D:1      | Reached XP level 2. HP: 16/23 MP: 5/5
   327 | D:1      | Learned a level 2 spell: Momentum Strike
   415 | D:1      | Found a faded altar of an unknown god.
   821 | D:2      | Noticed Sigmund
   901 | D:2      | Reached XP level 3. HP: 28/28 MP: 7/7
   998 | D:2      | Reached skill level 1 in Invocations
  1032 | D:2      | Reached skill level 1 in Long Blades
  1032 | D:2      | Reached skill level 1 in Axes
  1032 | D:2      | Reached skill level 1 in Maces & Flails
  1032 | D:2      | Reached skill level 1 in Polearms
  1032 | D:2      | Reached skill level 1 in Staves
  1032 | D:2      | Reached skill level 1 in Ranged Weapons
  1032 | D:2      | Reached skill level 1 in Armour
  1032 | D:2      | Reached skill level 1 in Shields
  1032 | D:2      | Reached skill level 1 in Unarmed Combat
  1032 | D:2      | Reached skill level 1 in Evocations
  1291 | D:3      | Reached XP level 4. HP: 33/34 MP: 8/8
  1315 | D:3      | Found a transporter.
  1350 | D:3      | Reached skill level 1 in Conjurations
  1350 | D:3      | Reached skill level 1 in Hexes
  1350 | D:3      | Reached skill level 1 in Summonings
  1350 | D:3      | Reached skill level 1 in Necromancy
  1350 | D:3      | Reached skill level 1 in Transmutations
  1350 | D:3      | Reached skill level 1 in Fire Magic
  1350 | D:3      | Reached skill level 1 in Ice Magic
  1350 | D:3      | Reached skill level 1 in Air Magic
  1350 | D:3      | Reached skill level 1 in Earth Magic
  1350 | D:3      | Reached skill level 1 in Poison Magic
  1462 | D:3      | Reached XP level 5. HP: 24/40 MP: 9/9
  1742 | D:3      | Found a transporter.
  2521 | D:3      | Reached XP level 6. HP: 40/47 MP: 9/11
  2524 | D:3      | Reached skill level 5 in Throwing
  2758 | D:2      | Killed Sigmund
  2759 | D:2      | Reached XP level 7. HP: 52/52 MP: 12/12
  3073 | D:4      | Learned a level 3 spell: Gell's Gravitas
  3077 | D:4      | Learned a level 3 spell: Volatile Blastmotes
  3147 | D:4      | Paralysed by a gnoll for 2 turns
  3603 | D:5      | Entered Level 5 of the Dungeon
  3829 | D:5      | Found a burning altar of Makhleb.
  3831 | D:5      | Found a glowing silver altar of Zin.
  3831 | D:5      | Noticed an angel
  3832 | D:5      | Noticed a blizzard demon
  3874 | D:5      | Reached XP level 8. HP: 47/60 MP: 14/14
  4572 | D:5      | Noticed Ijyb
  4592 | D:5      | Killed Ijyb
  5523 | D:6      | Noticed Eustachio
  5537 | D:6      | Killed Eustachio
  5538 | D:6      | Reached skill level 5 in Spellcasting
  5538 | D:6      | Reached XP level 9. HP: 64/67 MP: 13/16
  5575 | D:6      | Got Peoxekemp's Almanac of the Valley
  5597 | D:6      | Found a broken altar of Ashenzari.
  5717 | D:6      | Reached skill level 5 in Fighting
  5717 | D:6      | Reached skill level 5 in Short Blades
  5717 | D:6      | Reached skill level 5 in Dodging
  5841 | D:6      | Reached skill level 5 in Stealth
  5885 | D:6      | Found a blossoming altar of Fedhas.
  5891 | D:6      | Noticed Grinder
  5901 | D:6      | Killed Grinder
  5902 | D:6      | Reached skill level 5 in Invocations
  5922 | D:6      | Found a snail-covered altar of Cheibriados.
  5984 | D:6      | Identified the ring "Xoukupih" {Ice rElec Dex+2}
  6432 | D:6      | Found an iron altar of Okawaru.
  6442 | D:6      | Learned a level 1 spell: Freeze
  6446 | D:6      | Learned a level 3 spell: Hailstorm
  6828 | D:7      | Found a shimmering altar of Xom.
  6862 | D:7      | Found a staircase to the Ecumenical Temple.
  6885 | D:7      | Noticed a hornet
  6889 | D:7      | Paralysed by a hornet for 1 turns
  6893 | D:7      | Killed a hornet
  6894 | D:7      | Reached skill level 5 in Long Blades
  6894 | D:7      | Reached skill level 5 in Axes
  6894 | D:7      | Reached skill level 5 in Maces & Flails
  6894 | D:7      | Reached skill level 5 in Polearms
  6894 | D:7      | Reached skill level 5 in Staves
  6894 | D:7      | Reached skill level 5 in Ranged Weapons
  6894 | D:7      | Reached skill level 5 in Armour
  6894 | D:7      | Reached skill level 5 in Shields
  6894 | D:7      | Reached skill level 5 in Unarmed Combat
  6894 | D:7      | Reached skill level 5 in Evocations
  6894 | D:7      | Reached XP level 10. HP: 56/76 MP: 18/18
  6941 | Temple   | Entered the Ecumenical Temple
  7042 | Temple   | Became a worshipper of Jiyva Jufeyj the Shapeless
  7408 | D:8      | Found a sparkling altar of Nemelex Xobeh.
  7412 | D:8      | Noticed Grum
  7482 | D:8      | Noticed Joseph
  7574 | D:8      | Reached * piety under Jiyva
  7693 | D:8      | Killed Joseph
  7917 | D:8      | Killed Grum
  7991 | D:8      | Noticed Maggie
  8008 | D:8      | Killed Maggie
  8042 | D:8      | Noticed a two-headed ogre
  8227 | D:8      | Found an ornate altar of the Wu Jian Council.
  8473 | D:8      | Reached ** piety under Jiyva
  9131 | D:8      | Killed a two-headed ogre
  9162 | D:8      | Found a white marble altar of Elyvilon.
  9214 | D:9      | Noticed an elephant
  9214 | D:9      | Found a staircase to the Lair.
  9247 | D:9      | Found a shadowy altar of Dithmenos.
  9271 | D:9      | Reached skill level 5 in Conjurations
  9271 | D:9      | Reached skill level 5 in Hexes
  9271 | D:9      | Reached skill level 5 in Summonings
  9271 | D:9      | Reached skill level 5 in Necromancy
  9271 | D:9      | Reached skill level 5 in Transmutations
  9271 | D:9      | Reached skill level 5 in Fire Magic
  9271 | D:9      | Reached skill level 5 in Ice Magic
  9271 | D:9      | Reached skill level 5 in Air Magic
  9271 | D:9      | Reached skill level 5 in Earth Magic
  9271 | D:9      | Reached skill level 5 in Poison Magic
  9271 | D:9      | Reached XP level 11. HP: 63/83 MP: 21/21
  9352 | D:9      | Reached *** piety under Jiyva
  9727 | D:9      | Found a staircase to the Orcish Mines.
  9906 | D:9      | Upgraded the game from 0.30.1-4-g462c640d31 to
                  | 0.30.1-11-g7821555f0a
  9933 | Lair:1   | Entered Level 1 of the Lair of Beasts
  9962 | Lair:1   | Gained mutation: You passively dampen the noise of your
                  | surroundings. [Jiyva's grace]
  9962 | Lair:1   | Gained mutation: Your muscles are strong. (Str +4, Int/Dex
                  | -1) [Jiyva's grace]
  9962 | Lair:1   | Gained mutation: Your muscles are very strong. (Str +8,
                  | Int/Dex -2) [Jiyva's grace]
  9962 | Lair:1   | Gained mutation: You have acidic saliva. [Jiyva's grace]
  9996 | Lair:1   | Noticed Erica
 10027 | Lair:1   | Mangled by a komodo dragon

Illustrated notes

Levels and vault maps discovered:
D:1:      dpeg_arrival_pits, layout_basic, chequers_ecumenical_altar_simple,
          nrook_mini_backslash
D:2:      layout_basic, uniq_sigmund
D:3:      gammafunk_wand_slinger, layout_basic, hex_intersection
D:4:      layout_loops_ring
D:5:      layout_loops_ring, grunt_temple_overflow_order_and_chaos_2, uniq_ijyb
D:6:      layout_loops_ring, mainiacjoe_overflow_tiny_flanked,
          nicolae_ashenzari_skybound, nicolae_overflow_crystal_walls,
          slow_altar_2, kennysheep_generic_room_11, uniq_grinder, uniq_eustachio
D:7:      nicolae_whirlpool, layout_rooms, mainiacjoe_overflow_cross_hatched,
          temple_statues
D:8:      layout_layer_cave, nicolae_elyvilon_temple_path,
          mainiacjoe_overflow_catch_the_wave, minmay_misc_feat_pillars,
          uniq_maggie, uniq_grum, uniq_joseph
D:9:      layout_big_octagon, old_standard_altar, david_lair_generic,
          hiddenorc2_lemuel, serial_column_ruins, column_ruins_square_medium,
          column_ruins_open_tiny, column_ruins_grid_3, column_ruins_grid_1,
          column_ruins_grid_4, kb_lookout_dungeons_type, solitary_fountain
Temple:   pf_slimified_temple
Lair:1:   layout_cave_pods, disabler_island, uniq_gastronok, uniq_erica

Skill      XL: |  1  2  3  4  5  6  7  8  9 10 11 |
---------------+----------------------------------+-----
Invocations    | 1 2 3 4 5 6 7 |  7.0
Long Blades    | 1 2 3 4 5 6 |  6.4
Axes           | 1 2 3 4 5 6 |  6.4
Maces & Flails | 1 2 3 4 5 6 |  6.4
Polearms       | 1 2 3 4 5 6 |  6.4
Staves         | 1 2 3 4 5 6 |  6.4
Ranged Weapons | 1 2 3 4 5 6 |  6.4
Armour         | 1 2 3 4 5 6 |  6.4
Shields        | 1 2 3 4 5 6 |  6.4
Unarmed Combat | 1 2 3 4 5 6 |  6.4
Evocations     | 1 2 3 4 5 6 |  6.4
Spellcasting   | 3 4 5 6 7 |  7.0
Conjurations   | 1 2 3 4 5 |  5.3
Hexes          | 1 2 3 4 5 |  5.3
Summonings     | 1 2 3 4 5 |  5.3
Necromancy     | 1 2 3 4 5 |  5.3
Transmutations | 1 2 3 4 5 |  5.3
Fire Magic     | 1 2 3 4 5 |  5.3
Ice Magic      | 1 2 3 4 5 |  5.3
Air Magic      | 1 2 3 4 5 |  5.3
Earth Magic    | 1 2 3 4 5 |  5.3
Poison Magic   | 1 2 3 4 5 |  5.3
Fighting       | 3 4 5 6 |  6.9
Short Blades   | 3 4 5 6 |  6.9
Dodging        | 3 4 5 6 |  6.9
Stealth        | 3 4 5 6 |  6.8
Throwing       | 5 6 7 |  7.9
Translocations | 6 7 |  7.7

Action                     |  1- 3 |  4- 6 |  7- 9 | 10-12 || total
---------------------------+-------+-------+-------+-------++-------
  Melee: Short sword       |    33 |    28 |    10 |       ||    71
         Bite              |     1 |     4 |    11 |    22 ||    38
         Sling             |       |     2 |       |       ||     2
         Halberd           |       |       |   118 |   163 ||   281
         Scimitar          |       |       |       |     3 ||     3
   Fire: Sling             |    38 |    96 |   182 |   147 ||   463
  Throw: Throwing net      |       |       |     2 |       ||     2
   Cast: Momentum Strike   |       |     1 |     2 |     1 ||     4
         Gell's Gravitas   |       |       |     3 |    14 ||    17
         Volatile Blastmot |       |       |     3 |     3 ||     6
         Hailstorm         |       |       |       |     1 ||     1
  Evoke: Wand              |       |     1 |     8 |    15 ||    24
    Use: Scroll            |     3 |     3 |    16 |     5 ||    27
         Potion            |       |     1 |     4 |     2 ||     7
   Stab: Sleeping          |     4 |       |     1 |       ||     5
         Distracted        |       |       |     1 |       ||     1
         Held in net/web   |       |       |     1 |       ||     1
         Paralysed         |       |       |     5 |     9 ||    14
         Confused          |       |       |       |     1 ||     1
 Armour: Robe              |     9 |       |       |       ||     9
         Leather armour    |     1 |    12 |    52 |    15 ||    80
         Ring mail         |       |       |       |    95 ||    95
  Dodge: Dodged            |    27 |    24 |   115 |   227 ||   393
  Block: Other             |     3 |    14 |    44 |       ||    61
         Reflection        |       |     1 |     6 |       ||     7
